 Dungeon Crawl Stone Soup version 0.19-a0-1008-g4c63d25 (webtiles) character file.

3534 AlphabetPasta the Experimenter (level 9, -5/73 HPs)
             Began as a Deep Dwarf Wanderer on July 23, 2016.
             Was a Believer of Pakellas.
             Slain by Gastronok (30 damage)
             ... on level 8 of the Dungeon.
             The game lasted 01:01:17 (7246 turns).

AlphabetPasta the Experimenter (DDWn)               Turns: 7246, Time: 01:01:18

Health: -5/73      AC: 12    Str: 21    XL:     9   Next: 82%
Magic:  3/10       EV: 10    Int: 16    God:    Pakellas [**....]
Gold:   371        SH:  0    Dex: 12    Spells: 2 memorised, 8 levels left

rFire  . . .     SeeInvis .     C - +0 war axe
rCold  . . .     Gourm    .     w - +1 chain mail
rNeg   . . .     Faith    .     (no shield)
rPois  .         Spirit   .     (no helmet)
rElec  .         Dismiss  +     (no cloak)
rCorr  +         Reflect  .     s - +0 pair of gloves
SustAt .         Harm     .     (no boots)
MR     +....                    F - amulet of dismissal
Stlth  ..........               E - ring of resist corrosion
                                (no ring)

@: mighty, non-regenerating, somewhat resistant to hostile enchantments,
extremely unstealthy
A: damage resistance, recharge devices, sense surroundings 2, slow regeneration
3
a: Device Recharging, Quick Charge, Renounce Religion


You were on level 8 of the Dungeon.
You worshipped Pakellas.
Pakellas was pleased with you.
You were not hungry.

You visited 1 branch of the dungeon, and saw 8 of its levels.
You also visited: Sewer.

You collected 371 gold pieces.

Inventory:

Hand Weapons
 a - a +1 hand axe
 e - a +0 club
 q - a +0 mace
 C - a +0 war axe (weapon)
Armour
 d - a +0 robe
 s - a +0 pair of gloves (worn)
 w - a +1 chain mail (worn)
Jewellery
 r - an uncursed ring of wizardry
 E - a ring of resist corrosion (right hand)
 F - an amulet of dismissal (around neck)
 J - a +2 ring of intelligence
 M - the ring of Incredulity {*Tele SInv}
   (You found it on level 7 of the Dungeon)

   [ring of teleportation]

   It may teleport you next to monsters.
   It lets you see invisible.
Wands
 f - a wand of heal wounds (2/9)
 j - a wand of flame (13/48)
 k - a wand of slowing (31/48)
 y - a wand of lightning (0/15)
 I - a wand of random effects (22/48)
 L - a wand of confusion (17/48)
Scrolls
 h - 4 scrolls of remove curse
 i - a scroll of enchant weapon
 o - a scroll of fear
 p - 2 scrolls of amnesia
 B - 2 scrolls of fog
 D - a scroll of enchant armour
Potions
 t - 2 potions of brilliance {unknown}
 u - 2 potions of magic
 v - 3 potions of curing
 z - a potion of invisibility
Books
 b - the Volume of Poison

   Spells                             Type                      Level
   a - Sting                          Conjuration/Poison           1
   b - Ignite Poison                  Fire/Transmutation/Poison    3
 c - the Catalogue of Snow

   Spells                             Type                      Level
   a - Freeze                         Ice                          1
   b - Ozocubu's Armour               Charms/Ice                   3
 A - a book of Conjurations

   Spells                             Type                      Level
   a - Magic Dart                     Conjuration                  1
   b - Searing Ray                    Conjuration                  2
   c - Dazzling Spray                 Conjuration/Hexes            3
   d - Fulminant Prism                Conjuration/Hexes            4
   e - Iskenderun's Mystic Blast      Conjuration                  4
   f - Iskenderun's Battlesphere      Conjuration/Charms           5
Miscellaneous
 H - a sack of spiders
Comestibles
 g - 7 bread rations
 l - 6 chunks of flesh
 m - 4 slices of pizza
 n - 5 meat rations
 x - 8 fruits


   Skills:
 - Level 2.0 Fighting
 * Level 8.0 Axes
 - Level 1.0(4.6) Maces & Flails
 + Level 5.6 Armour
 + Level 5.8 Dodging
 - Level 1.2 Stealth
   Level 1.1 Shields
 - Level 1.6 Spellcasting
 - Level 4.2 Conjurations
   Level 1.0 Fire Magic
   Level 2.0 Ice Magic
 * Level 10.4 Evocations


You had 8 spell levels left.
You knew the following spells:

 Your Spells              Type           Power        Failure   Level  Hunger
a - Magic Dart            Conj           ###.         34%         1    ##.....
c - Searing Ray           Conj           ###...       52%         2    ###....


Dungeon Overview and Level Annotations

Branches:
Dungeon (8/15)               Lair (0/6) D:8
 Temple: D:4-7

Altars:
Ashenzari
Dithmenos
Fedhas
Gozag
Hepliaklqana
Okawaru
Pakellas
Sif Muna

Annotations:
D:4 Sigmund
D:8 Gastronok


Innate Abilities, Weirdness & Mutations

You are resistant to damage.
You can recharge devices by infusing magical energy.
You passively map the area around you.
You do not regenerate naturally.


Message History

Gastronok gurgles, "I'll eat you, I will!"
Gastronok waves his eye-stalks in wide circles.
The air twists around and strikes you!
Your chain mail prevents you from hitting Gastronok.
Gastronok is moderately wounded.
You slice Gastronok!!
Gastronok is heavily wounded.
Gastronok's eyestalks stretch out, then return to normal size.
You slash Gastronok!
Gastronok is heavily wounded.
You slice Gastronok!!
Gastronok is severely wounded.
Gastronok bites you!!
You slash Gastronok!
Gastronok is severely wounded.
You slash Gastronok!
Gastronok is almost dead.
Gastronok bites you!!
You die...
Pakellas says: Good help is so hard to find these days!

,#.....# ##... * , ,
#.....#, ,#... * ,,
#.<...# ,#... *,,
########.....# ,#... ,
#............# #... *
,#............# #...
*,,,#............# #...
* , #...........)# #...
* +
#...@......))###+#...
......w#######........##
,.......* #........#.
....... #........#. *
....... #........#. *
....... #........#.
<...... ######........#.
....###*#.............#.
, #.............#'


You could see Gastronok.

Vanquished Creatures
  Psyche (D:8)
  A yak (D:8)
  An ice beast (D:5)
  4 sky beasts
  A phantom (D:5)
  A necrophage (D:8)
  3 ogres
  2 centaurs
  3 giant frogs
  A wyvern skeleton (D:6)
  4 wights (D:6)
  A crimson imp (D:5)
  A wasp zombie (D:7)
  A giant frog skeleton (D:8)
  A giant frog zombie (D:6)
  A hound (D:4)
  A gnoll shaman (D:5)
  3 orc priests
  2 iguanas (D:5)
  4 orc wizards
  4 worker ants
  A hound zombie (D:5)
  A worker ant zombie (D:8)
  4 gnolls (D:5)
  6 river rats
  11 adders
  A shadow imp (D:5)
  2 oozes
  3 worms (D:3)
  3 dart slugs
  A giant gecko (D:6)
  16 orcs
  5 ball pythons
  7 bats
  9 giant cockroaches
  8 goblins
  7 hobgoblins
  7 jackals
  5 kobolds
  3 quokkas
  10 giant newts
  18 rats
169 creatures vanquished.

Vanquished Creatures (collateral kills)
  A death yak (D:8)
  A spiny frog (D:8)
  2 yaks (D:8)
4 creatures vanquished.

Vanquished Creatures (others)
  A sky beast (D:3)
1 creature vanquished.

Grand Total: 174 creatures vanquished

Notes
Turn   | Place    | Note
-------+----------+-------------------------------------------
     0 | D:1      | AlphabetPasta the Deep Dwarf Wanderer began the quest for the Orb.
     0 | D:1      | AlphabetPasta set off with: a book of Conjurations, the Volume of Poison, the Catalogue of Snow, a +0 robe, a +0 club, a wand of heal wounds (5/9), a bread ration
     0 | D:1      | Reached XP level 1. HP: 15/15 MP: 2/2
     0 | D:1      | Identified the Volume of Poison
     0 | D:1      | Identified the Catalogue of Snow
     2 | D:1      | Learned a level 1 spell: Magic Dart
     4 | D:1      | Learned a level 1 spell: Freeze
   301 | D:1      | Reached XP level 2. HP: 5/22 MP: 0/3
   845 | D:1      | Reached XP level 3. HP: 18/30 MP: 0/5
   850 | D:1      | Learned a level 2 spell: Searing Ray
  1658 | D:2      | Reached skill level 1 in Maces & Flails
  2162 | D:3      | Reached skill level 1 in Fighting
  2162 | D:3      | Reached XP level 4. HP: 38/38 MP: 2/6
  2299 | D:3      | Reached skill level 1 in Evocations
  2586 | D:3      | Noticed Sigmund
  2588 | D:3      | Noticed a sky beast
  2603 | D:3      | Killed a sky beast
  2603 | D:3      | Reached skill level 1 in Armour
  2603 | D:3      | Reached skill level 1 in Dodging
  2603 | D:3      | Reached XP level 5. HP: 3/45 MP: 0/7
  2700 | D:3      | Found an opulent altar of Gozag.
  2746 | D:3      | Reached skill level 2 in Evocations
  3186 | D:3      | Found an oddly glowing altar of Pakellas.
  3189 | D:3      | Found a deep blue altar of Sif Muna.
  3197 | D:3      | Became a worshipper of Pakellas the Inventive
  3239 | D:3      | Found a shattered altar of Ashenzari.
  3611 | D:4      | Noticed a slave
  3611 | D:4      | Noticed a slave
  3664 | D:5      | Entered Level 5 of the Dungeon
  3664 | D:5      | Noticed a phantom
  3711 | D:5      | Reached skill level 1 in Axes
  3711 | D:5      | Reached skill level 3 in Evocations
  3711 | D:5      | Reached XP level 6. HP: 25/52 MP: 7/7
  3752 | D:5      | Found a hazy altar of Hepliaklqana.
  3972 | D:5      | Reached skill level 4 in Evocations
  4069 | D:5      | Noticed an ice beast
  4096 | D:5      | Killed an ice beast
  4133 | D:5      | Reached XP level 7. HP: 46/60 MP: 8/8
  4265 | D:5      | Reached skill level 5 in Evocations
  4351 | D:5      | Reached * piety under Pakellas
  4351 | D:5      | Received a gift from Pakellas
  4425 | D:5      | Found a shadowy altar of Dithmenos.
  4739 | D:5      | HP: 3/60 [ogre/giant spiked club (13)]
  4745 | D:5      | Reached skill level 6 in Evocations
  4945 | D:5      | Reached XP level 8. HP: 18/67 MP: 5/8
  5059 | D:6      | Reached skill level 5 in Axes
  5059 | D:6      | Reached skill level 7 in Evocations
  5121 | D:6      | Found a glowing drain.
  5153 | Sewer    | Entered a sewer
  5906 | D:6      | Found an opulent altar of Gozag.
  5968 | D:6      | Reached skill level 8 in Evocations
  6065 | D:6      | Reached ** piety under Pakellas
  6065 | D:6      | Received a gift from Pakellas
  6496 | D:7      | Found an iron altar of Okawaru.
  6692 | D:7      | Gained mutation: You passively map the area around you. [Deep Dwarf growth]
  6692 | D:7      | Reached XP level 9. HP: 49/73 MP: 9/9
  6804 | D:7      | Got a translucent amber ring
  6805 | D:7      | Identified the ring of Incredulity {*Tele SInv} (You found it on level 7 of the Dungeon)
  6982 | D:8      | Noticed a spiny frog
  7004 | D:8      | Found a staircase to the Lair.
  7008 | D:8      | Reached skill level 9 in Evocations
  7022 | D:8      | Noticed a death yak
  7026 | D:8      | Noticed a death yak
  7029 | D:8      | Killed a spiny frog
  7029 | D:8      | Reached skill level 5 in Armour
  7029 | D:8      | Reached skill level 5 in Dodging
  7044 | D:8      | Noticed Psyche
  7057 | D:8      | Killed a death yak
  7061 | D:8      | Killed Psyche
  7061 | D:8      | Reached skill level 10 in Evocations
  7070 | D:8      | Found a blossoming altar of Fedhas.
  7231 | D:8      | Noticed Gastronok
  7246 | D:8      | Slain by Gastronok

Vault maps used:
D:1:      dpeg_arrival_tiny_b
D:2:      minmay_misc_feat_rugged
D:3:      marbit_many_paths, minitemple, uniq_sigmund, uniq_grinder
D:4:      lemuel_crystal_altar, serial_shops, shop, uniq_pikel, uniq_menkaure
D:5:      nicolae_dithmenos_through_a_glass_darkly,
          nicolae_overflow_crystal_walls, first_bread, hex_tiny,
          kennysheep_boxes
D:6:      portal_sewer_entry_e, nicolae_gozag_cash_rules_everything_around_me
D:7:      lemuel_crystal_altar
D:8:      dpeg_lair_monsters, basic_altar, special_room, uniq_psyche,
          uniq_joseph, uniq_gastronok
Sewer:    sewer_co_cracked_pipes

Skill      XL: |  1  2  3  4  5  6  7  8  9 |
---------------+----------------------------+-----
Ice Magic      | 2 |  2.0
Conjurations   | 4 |  4.2
Maces & Flails | 1 |  1.0
Fighting       | 1 2 |  2.0
Evocations     | 1 3 4 6 8 10 | 10.4
Armour         | 1 2 3 4 5 |  5.6
Dodging        | 1 2 3 4 5 |  5.8
Axes           | 1 2 4 6 8 |  8.0
Stealth        | |  1.2
Shields        | |  1.1
Spellcasting   | |  1.6
Fire Magic     | |  1.0

Action                   |  1- 3 |  4- 6 |  7- 9 || total
-------------------------+-------+-------+-------++-------
Melee: Club              |    19 |       |       ||    19
       Mace              |     9 |     2 |       ||    11
       Hand axe          |       |   190 |   377 ||   567
       War axe           |       |       |   237 ||   237
 Cast: Freeze            |    31 |     1 |       ||    32
       Magic Dart        |    55 |    31 |       ||    86
       Searing Ray       |     2 |    11 |       ||    13
Invok: Quick Charge      |       |       |     8 ||     8
 Abil: Device Recharging |       |     2 |     4 ||     6
Evoke: Wand              |     2 |    14 |    57 ||    73
       Sack of spiders   |       |       |     1 ||     1
  Use: Scroll            |       |    11 |    12 ||    23
       Potion            |       |     2 |     2 ||     4
 Stab: Sleeping          |     3 |     2 |       ||     5
       Confused          |       |       |     6 ||     6
  Eat: Chunk             |     2 |     8 |    10 ||    20
       Meat ration       |     1 |       |       ||     1
       Fruit             |       |       |     2 ||     2
Armor: Robe              |    12 |     4 |       ||    16
       Chain mail        |       |    93 |   322 ||   415
Dodge: Dodged            |    34 |    83 |   205 ||   322
